 Dungeon Crawl Stone Soup version 0.30-a0-779-g7971cf19c3 (webtiles) character file.

Game seed: 16012820887147834586

365141 dolemite99 the Warrior (level 23, -9/173 (180) HPs)
             Began as a Djinni Conjurer on Feb 18, 2023.
             Was the Champion of Jiyva.
             Mangled by Vv (11 damage)
             ... on level 2 of the Depths.
             The game lasted 02:24:13 (51387 turns).

dolemite99 the Warrior (Djinni Conjurer)           Turns: 51387, Time: 02:24:14

HP:   -9/173 (180)  AC: 18    Str: 13    XL:     23   Next: 58%
Gold: 903           EV: 20    Int: 26    God:    Jiyva [******] SH: 15 Dex: 16

rFire   + + .      SeeInvis +    b - +2 double sword (venom)
rCold   + . .      Faith    .    Z - +2 kite shield {reflect}
rNeg    . . .      Spirit   .    J - +4 leather armour "Wofrul Fade" {rC+}
rPois   ∞          Reflect  +    (helmet unavailable)
rElec   .          Harm     .    K - +2 cloak {Will+}
rCorr   +          Rampage  .    k - +2 pair of gloves
Will    +++..                    (boots unavailable)
Stlth   ++++                     I - amulet of regeneration
HPRegen 2.88/turn                i - +4 ring of protection
MPRegen 0.00/turn                c - ring of protection from cold

@: flying, studying Throwing, lightly drained
A: sickness immunity, fire resistance 2, cold vulnerability 1, float, innate
caster, HP casting, extra vitality 1, horns 3, iridescent scales 1, agile 1,
screaming 1, strong 2, wild magic 1, eyeballs 3, gelatinous body 1, pseudopods
2, jelly absorbing missiles, no potion heal 1, noise suppression
}: 2/15 runes: serpentine, barnacled
a: Renounce Religion, Oozemancy, Slimify


You were on level 2 of the Depths.
You worshipped Jiyva.
Jiyva was exalted by your worship.
You visited 8 branches of the dungeon, and saw 39 of its levels.
You also visited: Volcano.

You collected 2867 gold pieces.
You spent 1964 gold pieces at shops.

Inventory:

Hand Weapons
 b - a +2 double sword of venom (weapon)
 f - a +3 demon blade
 h - a +1 vampiric scimitar
 H - a +0 demon blade of venom
 S - a +3 scimitar of flaming
Missiles
 e - a throwing net
 o - 4 silver javelins (quivered)
 r - 18 boomerangs
 R - 10 javelins
Armour
 k - a +2 pair of gloves (worn)
 J - the +4 leather armour "Wofrul Fade" (worn) {rC+}
   (You found it on level 4 of the Snake Pit)

   rC:        It protects you from cold.
 K - a +2 cloak of willpower (worn)
 Y - a +2 kite shield of protection
 Z - a +2 kite shield of reflection (worn)
Magical Staves
 a - a staff of conjuration
 g - a staff of earth
 l - a staff of poison
 F - a staff of fire
Jewellery
 c - a ring of protection from cold (right hand)
 d - a ring of willpower
 i - a +4 ring of protection (left hand)
 m - a ring of ice
 x - a ring of protection from cold
 y - a ring of willpower
 G - a ring of protection from cold
 I - an amulet of regeneration (around neck)
 W - a ring of willpower
 X - a ring of positive energy
Wands
 t - a wand of iceblast (5)
 v - a wand of flame (45)
 w - a wand of digging (11)
 C - a wand of polymorph (2)
 T - a wand of charming (14)
Scrolls
 j - 4 scrolls of amnesia
 n - a scroll of fog
 q - 2 scrolls of silence
 s - 2 scrolls of vulnerability
 E - 2 scrolls of identify {@r1}
 N - a scroll of enchant armour
 Q - a scroll of torment
Potions
 A - 2 potions of berserk rage
 B - 2 potions of attraction
 D - 2 potions of lignification
 L - 6 potions of mutation
 O - a potion of ambrosia
 U - 2 potions of cancellation
 V - a potion of curing
Miscellaneous
 p - a box of beasts (inert)


   Skills:
 + Level 19.6 Fighting
 - Level 14.0 Long Blades
 - Level 9.8 Throwing
 - Level 14.8 Dodging
 - Level 8.2 Stealth
 - Level 14.6 Shields
 - Level 16.7 Spellcasting
 - Level 10.0 Evocations


You couldn't memorise any spells.
You knew the following spells:

 Your Spells              Type           Power      Damage    Failure   Level
a - Monstrous Menagerie   Summ           48%        N/A       8%          7
b - Death Channel         Necr           48%        N/A       1%          6
c - Lightning Bolt        Conj/Air       48%        1d68      1%          5
d - Iskenderun's Mystic   Conj/Tloc      96%        2d19      1%          4
e - Fulminant Prism       Conj/Hex       48%        3d21      1%          4
f - Shock                 Conj/Air       100%       1d9       1%          1
g - Wereblood             Tmut           96%        N/A       1%          2
h - Vampiric Draining     Necr           96%        2d12      1%          3
i - Magic Dart            Conj           100%       1d8       1%          1
j - Dazzling Flash        Conj/Hex       100%       N/A       1%          3
k - Alistair's Intoxicat  Tmut/Pois      64%        N/A       1%          5
l - Searing Ray           Conj           100%       2d8       1%          2
m - Enfeeble              Hex            48%        N/A       8%          7
n - Inner Flame           Hex/Fire       96%        N/A       1%          3
o - Disjunction           Tloc           48%        N/A       43%         8
p - Maxwell's Capacitive  Air            48%        ∞         43%         8
Your spell library was empty.

Dungeon Overview and Level Annotations

Branches:
Dungeon (15/15)            Temple (0/1) D:4            Lair (5/5) D:8
 Shoals (4/4) Lair:3        Snake (4/4) Lair:2        Slime (0/5) Lair:4
    Orc (2/2) D:12            Elf (3/3) Orc:2        Vaults (4/5) D:13
  Crypt (0/3) Vaults:2     Depths (2/4) D:15        Volcano (visited)

Altars:
Ashenzari
Cheibriados
Gozag
Hepliaklqana
Makhleb
Nemelex Xobeh
Okawaru
Trog
Uskayaw
Xom
The Shining One
Jiyva

Shops:
D:4 :   D:5 ?   D:9 (   Orc:2 ((==   Elf:2 [   Snake:1 :   Snake:2 !(*[
Vaults:2 *   Vaults:4 *

Portals:
Hell: Lair:5 Depths:1 Depths:2
Abyss: Depths:2
Pandemonium: Depths:1 Depths:2
Ziggurat: Depths:1
Trove: Depths:1 (give +6 demon trident)

Annotations:
Lair:1 exclusion: downstairs
Lair:4 exclusion: downstairs
Snake:3 exclusion: downstairs
Elf:2 3 runed translucent doors
Vaults:3 Mara
Depths:1 exclusion: downstairs
Depths:2 Vv


Innate Abilities, Weirdness & Mutations

You are immune to sickness and miasma.
You are immune to poison.
Your flesh is very heat resistant. (rF++)
You are vulnerable to cold. (rC-)
You float through the air rather than walking.
You learn spells naturally, not from books.
Your magical power is your life essence.
You have superior vitality. (+4 MHP)
You have a pair of large horns on your head.
You are partially covered in iridescent scales. (AC +2)
You are agile. (Dex +4, Str/Int -1)
You occasionally shout uncontrollably at your foes.
Your muscles are very strong. (Str +8, Int/Dex -2)
Your spells are a little harder to cast, but a little more powerful.
Your body is covered in eyes which may confuse attackers. (Acc +7, SInv)
Your rubbery body absorbs attacks. (AC +1, EV +1)
Armour fits poorly on your large pseudopods.
You have a small jelly attached to you that may absorb projectiles.
Potions are less effective at restoring your health.
You passively dampen the noise of your surroundings.


Message History

The vampire mage hits your lindwurm. The vampire mage bites your lindwurm!
Vv hits you!! Vv freezes you!! You resist. Vv misses you.
Your lindwurm bites Vv.
Your lindwurm claws Vv but does no damage. x2
Vv attacks as you move away! Vv hits you! Vv freezes you!! You resist.
You block Vv's attack. The vampire mage hits your lindwurm!
The vampire mage barely misses your lindwurm.
You hear a distant slurping noise.
Your lindwurm bites Vv!
Your lindwurm claws Vv but does no damage.
Your lindwurm barely misses Vv.
The vampire mage hits your lindwurm but does no damage.
The vampire mage barely misses your lindwurm.
As you read the scroll of fog, it crumbles to dust.
The scroll dissolves into smoke.
Vv hits you! Vv freezes you!! You resist.
* * * LOW HITPOINT WARNING * * *
You block Vv's attack.
Your lindwurm bites Vv.
Your lindwurm claws Vv.
Your lindwurm barely misses Vv.
Something hits your lindwurm. Something bites your lindwurm.
Your lindwurm bites Vv but does no damage.
Your lindwurm claws Vv.
Your lindwurm barely misses Vv.
Your system partially rejects the healing.
You feel better.
Something hits your lindwurm but does no damage.
Something bites your lindwurm but does no damage.
Vv hits you.
* * * LOW HITPOINT WARNING * * *
Vv freezes you!! You resist.
* * * LOW HITPOINT WARNING * * *
You block Vv's attack.
Your lindwurm misses Vv.
Your lindwurm claws Vv but does no damage.
Your lindwurm closely misses Vv.
Your lindwurm bites Vv but does no damage.
Your lindwurm claws Vv but does no damage.
Your lindwurm barely misses Vv.
Vv attacks as you move away! You block Vv's attack. x2
Vv attacks as you move away! Vv hits you!
* * * LOW HITPOINT WARNING * * *
Vv freezes you! You resist.
You die...

......# #...# #...# #...#
#... ......# #...# #...#
#...# #... ###...# #...#
#...# #>..# #... #...#
#...# #...# #...# #...
#...# #...# #...# #...#
#... #...# #...# #...#
#...# #... #...## #..§#
#...# #...# #... #.V.V##
#§§§###§..# #...# #...
#.Z.#.###§.§k9@§..###...#
#...
#.H.##.##.§§k§§§§.......#
#...
#...###.#.V§§§§.§.......#
#... #...#
##....###§......u.# #...
#...# ##...#
#...###.u.####...
#...#####.∩.# #...#
#†HH9...... #...†.......#
#...# #....u<....
###...........# #...#
#..........
..............# #...#
#...####...


You could see Vv and 2 friendly lindwurms.

Vanquished Creatures
  Bai Suzhen (Snake:4)
  Nikola (Shoals:3)
  2 liches (Depths:1)
  A deep elf blademaster (Elf:3)
  A deep elf master archer (Elf:3)
  Polyphemus (Shoals:2)
  4 sphinxes
  Frances (D:13)
  3 nagarajas (Snake:4)
  Donald (Shoals:4)
  Ilsuiw (Shoals:2)
  A fire giant (Depths:2)
  A frost giant (Depths:2)
  A balrug (Depths:1)
  3 deep elf sorcerers (Elf:3)
  8 vault wardens
  5 ironbound preservers
  Aizul (Snake:3)
  2 deep elf elementalists (Elf:3)
  2 vampire knights
  2 very ugly things (Depths:2)
  4 stone giants
  2 elemental wellsprings (Shoals:2)
  6 deep elf demonologists
  2 ironbound thunderhulks (Vaults:1)
  A minotaur (Shoals:4)
  3 spark wasps (Depths:2)
  9 deep elf annihilators (Elf:3)
  3 dire elephants
  2 ettins
  A red draconian (Volcano)
  6 deep elf death magi (Elf:3)
  Snorg (D:11)
  6 merfolk impalers
  2 fire dragons
  2 ice dragons (Depths:2)
  5 yaktaur captains
  3 deep elf high priests
  6 hydras
  Harold (Lair:1)
  2 salamander tyrants
  An ogre mage (D:14)
  4 catoblepae
  A hell beast (Depths:1)
  2 rakshasas
  4 vault guards (Vaults:1)
  8 ironbound frosthearts
  A spriggan air mage (Depths:2)
  9 centaur warriors
  5 anacondas
  A merfolk avatar (Shoals:2)
  3 tengu warriors
  7 two-headed ogres
  2 alligator snapping turtles
  11 naga warriors
  9 satyrs
  11 dancing weapons
  3 boulder beetles
  2 hell hogs (Depths:1)
  10 death yaks
  10 naga sharpshooters
  6 shock serpents
  Sonja (Lair:1)
  8 deep elf knights
  2 soul eaters (Depths:1)
  The ghost of bigduke15 the Fighter, a novice MiFi of Ru (D:8)
  6 hell knights
  A sun demon (Depths:1)
  2 sixfirhies
  6 sea snakes
  A skeletal warrior (D:13)
  A naga ritualist (Snake:2)
  6 skysharks
  5 wizards
  4 deep trolls
  10 deep elf archers
  A phantasmal warrior (Vaults:2)
  2 necromancers
  4 orc knights
  13 harpies
  19 deep elf pyromancers
  3 lindwurms
  5 mana vipers
  17 deep elf zephyrmancers
  6 ironbound convokers
  9 cyclopes
  17 manticores
  An orc sorcerer (Orc:2)
  10 fauns
  9 merfolk sirens
  14 elephants (Lair:5)
  15 ugly things
  16 salamanders
  21 black mambas
  2 orange demons
  Maurice (Orc:2)
  3 guardian serpents (Snake:4)
  8 naga magi
  4 vault sentinels
  4 molten gargoyles (Volcano)
  5 smoke demons
  7 water nymphs
  10 cane toads
  A gargoyle (D:11)
  A torpor snail (Lair:5)
  3 efreet
  2 elf skeletons (Vaults:3)
  4 kobold demonologists
  5 rime drakes
  5 ice devils
  5 komodo dragons
  A golden dragon simulacrum (Depths:1)
  17 yaktaurs
  A red devil (Lair:5)
  5 trolls
  14 merfolk
  3 polar bears
  A hornet (D:8)
  4 wind drakes
  10 blink frogs
  An ettin zombie (Vaults:3)
  7 snapping turtles
  A dream sheep (Shoals:2)
  An air elemental (Orc:2)
  A shadow (D:12)
  A culicivora (Vaults:2)
  A vampire (D:12)
  9 wyverns
  5 water elementals
  2 wraiths (D:12)
  2 fire elementals
  49 yaks
  Grum (D:8)
  5 basilisks
  A chaos spawn (D:14)
  3 hogs (Snake:2)
  3 wargs
  A vampire mosquito (D:15)
  32 nagas
  3 redbacks
  4 swamp worms (Lair:1)
  3 acid dragons
  4 hell hounds (Lair:5)
  13 water moccasins
  12 nameless horrors
  Duvessa (D:7)
  26 orc warriors
  3 black bears
  2 ogres
  4 wolves (D:8)
  14 centaurs
  A phantom (D:12)
  14 kobold brigands
  2 gnoll sergeants
  6 bullfrogs
  A scorpion (D:4)
  8 wights
  Dowan (D:7)
  A troll zombie (D:12)
  5 killer bees (D:10)
  3 howler monkeys (D:7)
  3 electric eels
  A hound (D:7)
  5 orc priests
  Crazy Yiuf (D:6)
  3 jellies
  Jessica (D:2)
  A gnoll bouda (D:7)
  An iguana (D:5)
  Natasha (twice) (D:2)
  10 orc wizards
  12 hell rats
  7 ogre zombies (D:12)
  A mummy (D:13)
  5 adders
  15 gnolls
  2 white imps (D:7)
  A worm (D:4)
  4 dart slugs
  33 orcs
  4 bats
  2 endoplasms (D:1)
  2 giant cockroaches
  7 goblins
  6 hobgoblins
  4 jackals (D:5)
  13 kobolds
  6 ball pythons
  3 frilled lizards (D:1)
  A goblin skeleton (D:12)
  7 goblin zombies (D:12)
  5 hobgoblin zombies (D:12)
  3 orc skeletons (D:12)
  9 orc zombies (D:12)
  3 rats
  9 briar patches (Lair:1)
  2 fulminant prisms (Elf:3)
1033 creatures vanquished.

Vanquished Creatures (collateral kills)
  A golden dragon (Depths:1)
  4 sphinxes
  8 nagarajas (Snake:4)
  2 fire giants
  2 frost giants (Depths:1)
  3 vault wardens
  2 deep elf sorcerers (Elf:3)
  A balrug (Depths:1)
  19 very ugly things
  2 deep elf elementalists (Elf:3)
  7 ironbound thunderhulks
  A war gargoyle (Vaults:3)
  A caustic shrike skeleton (Depths:1)
  6 ironbound preservers
  6 deep elf annihilators (Elf:3)
  6 dire elephants
  A minotaur (Shoals:4)
  2 ettins (Depths:1)
  5 fire dragons
  A crystal guardian (Vaults:4)
  A merfolk javelineer (Shoals:4)
  2 entropy weavers
  3 yaktaur captains
  A deep elf high priest (Elf:3)
  6 vault guards
  4 ironbound frosthearts
  2 salamander tyrants
  A merfolk avatar (Shoals:1)
  A spriggan air mage (Depths:2)
  An anaconda (Snake:1)
  A peacekeeper (Vaults:4)
  A boulder beetle (Vaults:2)
  A satyr (Shoals:4)
  2 deep troll shamans (Depths:1)
  A death yak (Shoals:2)
  8 naga warriors
  A tengu warrior (Depths:1)
  6 dancing weapons
  A shock serpent (Snake:4)
  3 naga sharpshooters (Snake:4)
  2 sun demons (Depths:1)
  A spriggan berserker (Depths:1)
  2 hell knights (Depths:2)
  A sea snake (Shoals:3)
  24 deep trolls
  5 lindwurms
  2 naga ritualists (Snake:4)
  A skyshark (Shoals:3)
  3 deep elf archers (Elf:3)
  A phantasmal warrior (Vaults:2)
  2 necromancers
  12 deep elf pyromancers
  2 mana vipers
  5 ironbound convokers (Vaults:4)
  8 deep elf zephyrmancers
  6 harpies
  4 salamanders
  20 ugly things
  2 fauns
  2 merfolk sirens
  3 manticores
  6 water nymphs
  A fire giant skeleton (Depths:1)
  9 black mambas
  7 naga magi
  2 guardian serpents (Snake:4)
  6 vault sentinels
  3 centaur skeletons (D:13)
  7 yaktaurs
  A spriggan zombie (Depths:1)
  9 merfolk
  2 wind drakes
  A frost giant simulacrum (Depths:1)
  2 snapping turtles
  A dream sheep (Shoals:2)
  2 water elementals
  2 air elementals
  A fire elemental (Elf:3)
  A hog (Snake:2)
  2 redbacks
  12 nagas
  9 nameless horrors
  3 kobold brigands (D:8)
  An earth elemental (Elf:3)
  An orc priest (Orc:2)
  3 orcs
329 creatures vanquished.

Vanquished Creatures (others)
  Kirke (Snake:2)
  3 ironbound thunderhulks
  An entropy weaver (Vaults:4)
  A yaktaur captain (Vaults:4)
  5 great orbs of eyes
  2 ironbound frosthearts
  An ogre mage (Vaults:4)
  A dancing weapon (Elf:2)
  A naga sharpshooter (Snake:4)
  A deep elf knight (Elf:1)
  2 glowing orange brains
  An orc knight (D:13)
  2 lindwurms
  An ugly thing (Vaults:2)
  A lindwurm (shapeshifter) (Vaults:1)
  A deep elf zephyrmancer (Elf:1)
  A salamander (Snake:2)
  A cyclops (D:13)
  A shining eye (shapeshifter) (Elf:3)
  A vault sentinel (Vaults:3)
  A naga mage (Snake:1)
  3 kobold demonologists (D:10)
  6 yaktaurs (Vaults:4)
  A nameless horror (Elf:3)
  2 dream sheep (Shoals:2)
  3 water elementals
  37 slime creatures
  A shadow (D:9)
  A yak (Lair:3)
  A redback (Vaults:4)
  A basilisk (Lair:4)
  A neqoxec (D:14)
  5 orc warriors (Orc:2)
  An ice beast (D:7)
  A water moccasin (D:6)
  2 centaurs
  A kobold brigand (D:10)
  2 bullfrogs
  6 electric eels
  325 jellies
  A jelly (shapeshifter) (Depths:1)
  4 orc priests
  Natasha (D:2)
  An iguana (D:7)
  3 orc wizards
  3 gnolls
  3 adders
  A worm (D:2)
  3 endoplasms
  19 orcs
  A bat (D:2)
  2 giant cockroaches (D:2)
  4 hobgoblins
  4 quokkas
  A ball python (D:3)
  3 frilled lizards
  17 kobolds
  2 rats (D:2)
  A briar patch (Lair:1)
  6 demonic plants (D:14)
  246 fulminant prisms
  82 fungi
  241 plants
1079 creatures vanquished.

Grand Total: 2441 creatures vanquished

Notes
Turn   | Place    | Note
-------+----------+-------------------------------------------
     0 | D:1      | dolemite99 the Djinni Conjurer began the quest for the Orb.
     0 | D:1      | dolemite99 set off with the following spells memorised:
                  | Magic Dart, Searing Ray, Dazzling Flash, Fulminant Prism,
                  | Iskenderun's Mystic Blast.
     0 | D:1      | Reached XP level 1. HP: 15/15 MP: 0/0
   195 | D:1      | Reached skill level 1 in Fighting
   195 | D:1      | Reached XP level 2. HP: 20/22 MP: 0/0
   345 | D:1      | Found a faded altar of an unknown god.
   389 | D:1      | Prayed at the altar of an unknown god.
   389 | D:1      | Became a worshipper of Jiyva Jytza the Shapeless
   389 | D:1      | Reached * piety under Jiyva
   805 | D:2      | Reached XP level 3. HP: 28/28 MP: 0/0
   805 | D:2      | Learned a level 1 spell: Shock
   811 | D:2      | Noticed Jessica
   814 | D:2      | Killed Jessica
   815 | D:2      | Reached skill level 2 in Fighting
   815 | D:2      | Reached XP level 4. HP: 33/33 MP: 0/0
   902 | D:2      | Noticed Natasha
   909 | D:2      | Killed Natasha
   936 | D:2      | Noticed Natasha
   939 | D:2      | Killed Natasha
   966 | D:2      | Noticed Natasha
   972 | D:2      | Killed Natasha
   973 | D:2      | Reached XP level 5. HP: 30/40 MP: 0/0
   973 | D:2      | Learned a level 2 spell: Wereblood
  1011 | D:2      | Reached ** piety under Jiyva
  1319 | D:3      | Reached skill level 3 in Fighting
  1545 | D:3      | Reached *** piety under Jiyva
  1545 | D:3      | Gained mutation: You are somewhat resistant to further
                  | mutation. [Jiyva's grace]
  1545 | D:3      | Gained mutation: You are somewhat resistant to both further
                  | mutation and mutation removal. [Jiyva's grace]
  1545 | D:3      | Gained mutation: You are almost entirely resistant to
                  | further mutation and mutation removal. [Jiyva's grace]
  1545 | D:3      | Gained mutation: Your melee attacks may engulf your foes in
                  | ooze. [Jiyva's grace]
  1551 | D:3      | Found a shimmering altar of Xom.
  1847 | D:4      | Found Avox's Book Shop.
  1872 | D:4      | Reached XP level 6. HP: 47/47 MP: 0/0
  2030 | D:4      | Reached **** piety under Jiyva
  2268 | D:4      | Found a staircase to the Ecumenical Temple.
  2752 | D:5      | Entered Level 5 of the Dungeon
  2809 | D:5      | Reached skill level 4 in Fighting
  2887 | D:5      | Found Ehavoxont's Magic Scroll Shop.
  2895 | D:5      | Bought a scroll of identify for 28 gold pieces
  2895 | D:5      | Bought a scroll of fear for 56 gold pieces
  3119 | D:5      | Reached ***** piety under Jiyva
  3156 | D:5      | Gained mutation: You expend health (3 HP) to strengthen
                  | your wands. [Jiyva's grace]
  3156 | D:5      | Gained mutation: Your flesh is almost immune to the effects
                  | of heat. (rF+++) [Jiyva's grace]
  3156 | D:5      | Gained mutation: You passively dampen the noise of your
                  | surroundings. [Jiyva's grace]
  3156 | D:5      | Gained mutation: You are robust. (+10% HP) [Jiyva's grace]
  3226 | D:5      | Noticed a black bear
  3235 | D:5      | Killed a black bear
  3236 | D:5      | Reached XP level 7. HP: 58/58 MP: 0/0
  3236 | D:5      | Learned a level 3 spell: Vampiric Draining
  3662 | D:6      | Noticed an acid dragon
  3673 | D:6      | Killed an acid dragon
  3674 | D:6      | Reached skill level 5 in Fighting
  3674 | D:6      | Reached skill level 5 in Spellcasting
  4106 | D:6      | Killed a water moccasin
  4441 | D:6      | Found a runed translucent door.
  4442 | D:6      | Noticed Crazy Yiuf
  4447 | D:6      | Killed Crazy Yiuf
  4792 | D:7      | Reached XP level 8. HP: 51/67 MP: 0/0
  4841 | D:7      | Reached skill level 6 in Fighting
  5008 | D:7      | Noticed a wyvern
  5020 | D:7      | Killed a wyvern
  5291 | D:7      | Reached skill level 7 in Fighting
  5360 | D:7      | Reached XP level 9. HP: 59/74 MP: 0/0
  5360 | D:7      | Learned a level 3 spell: Inner Flame
  5403 | D:7      | Noticed Dowan
  5446 | D:7      | Killed Dowan
  5514 | D:7      | Noticed Duvessa
  5522 | D:7      | Killed Duvessa
  5858 | D:5      | Bought a scroll of fog for 56 gold pieces
  5858 | D:5      | Bought a scroll of identify for 28 gold pieces
  5858 | D:5      | Bought a scroll of poison for 56 gold pieces
  5935 | D:8      | Lost mutation: Your flesh is almost immune to the effects
                  | of heat. (rF+++) [Jiyva's grace]
  5935 | D:8      | Lost mutation: You expend health (3 HP) to strengthen your
                  | wands. [Jiyva's grace]
  5935 | D:8      | Gained mutation: You are partially covered in iridescent
                  | scales. (AC +2) [Jiyva's grace]
  5935 | D:8      | Gained mutation: You are mostly covered in iridescent
                  | scales. (AC +4) [Jiyva's grace]
  5935 | D:8      | Gained mutation: You are completely covered in iridescent
                  | scales. (AC +6) [Jiyva's grace]
  5935 | D:8      | Gained mutation: You have a beak for a mouth. [Jiyva's
                  | grace]
  5953 | D:8      | Reached skill level 8 in Fighting
  5973 | D:8      | Found a staircase to the Lair.
  6303 | D:8      | Found a sparkling altar of Nemelex Xobeh.
  6341 | D:8      | Found a runed translucent gate.
  6341 | D:8      | Noticed a kobold demonologist
  6341 | D:8      | Noticed bigduke15's ghost (novice MiFi)
  6342 | D:8      | Found a runed translucent gate.
  6343 | D:8      | Found a runed translucent gate.
  6484 | D:8      | Found a bloodstained altar of Trog.
  6484 | D:8      | Found an iron altar of Okawaru.
  6627 | D:8      | Noticed Grum
  6636 | D:8      | Killed Grum
  6734 | D:9      | Reached skill level 9 in Fighting
  6773 | D:9      | Reached XP level 10. HP: 78/85 MP: 0/0
  7015 | D:9      | Found Ticobb's Hydra Hut.
  7017 | D:9      | Noticed a seven-headed hydra
  7619 | D:10     | Entered Level 10 of the Dungeon
  7865 | D:10     | Reached skill level 10 in Fighting
  8065 | D:10     | Noticed a two-headed ogre
  8075 | D:10     | Killed a two-headed ogre
  8148 | D:10     | Killed a kobold demonologist
  8588 | D:10     | Killed a kobold demonologist
  8605 | D:10     | Killed a kobold demonologist
  8607 | D:10     | Found an opulent altar of Gozag.
  8607 | D:10     | Found a broken altar of Ashenzari.
  8608 | D:10     | Found a burning altar of Makhleb.
  8609 | D:10     | Found a glowing golden altar of the Shining One.
  8669 | D:10     | Lost mutation: You are almost entirely resistant to further
                  | mutation and mutation removal. [Jiyva's grace]
  8669 | D:10     | Lost mutation: Your melee attacks may engulf your foes in
                  | ooze. [Jiyva's grace]
  8669 | D:10     | Gained mutation: Your movements are slightly less
                  | encumbered by armour. (ER -2) [Jiyva's grace]
  8669 | D:10     | Gained mutation: Your movements are less encumbered by
                  | armour. (ER -4) [Jiyva's grace]
  8669 | D:10     | Gained mutation: Your movements are significantly less
                  | encumbered by armour. (ER -6) [Jiyva's grace]
  8669 | D:10     | Gained mutation: Your spells are a little harder to cast,
                  | but a little more powerful. [Jiyva's grace]
  9041 | D:11     | Reached skill level 11 in Fighting
  9043 | D:11     | Reached XP level 11. HP: 90/95 MP: 0/0
  9043 | D:11     | Learned a level 5 spell: Lightning Bolt
  9236 | D:11     | Noticed a two-headed ogre
  9252 | D:11     | Killed a two-headed ogre
  9319 | D:11     | Noticed a boulder beetle
  9331 | D:11     | Killed a boulder beetle
  9514 | D:11     | Noticed Snorg
  9680 | D:5      | Bought a scroll of magic mapping for 105 gold pieces
  9764 | Lair:1   | Entered Level 1 of the Lair of Beasts
  9805 | D:8      | Reached skill level 5 in Dodging
 10218 | Lair:1   | Noticed a death yak
 10219 | Lair:1   | Noticed a death yak
 10248 | D:8      | Killed a death yak
 10620 | Lair:1   | Noticed Harold
 10628 | Lair:1   | Killed Harold
 10881 | Lair:1   | Noticed a boulder beetle
 10886 | Lair:1   | Killed a boulder beetle
 10887 | Lair:1   | Reached XP level 12. HP: 101/104 MP: 0/0
 10911 | Lair:1   | Noticed a death yak
 10915 | Lair:1   | Noticed a death yak
 10935 | Lair:1   | Killed a death yak
 10944 | Lair:1   | Killed a death yak
 10953 | Lair:1   | Killed a death yak
 11003 | Lair:1   | Found a transporter.
 11109 | Lair:1   | Reached skill level 10 in Dodging
 11129 | Lair:1   | Found a transporter.
 11198 | Lair:1   | Lost mutation: Your movements are significantly less
                  | encumbered by armour. (ER -6) [Jiyva's grace]
 11198 | Lair:1   | Lost mutation: Your movements are less encumbered by
                  | armour. (ER -4) [Jiyva's grace]
 11198 | Lair:1   | Lost mutation: Your movements are slightly less encumbered
                  | by armour. (ER -2) [Jiyva's grace]
 11198 | Lair:1   | Lost mutation: You passively dampen the noise of your
                  | surroundings. [Jiyva's grace]
 11198 | Lair:1   | Gained mutation: Your spells are harder to cast, but more
                  | powerful. [Jiyva's grace]
 11198 | Lair:1   | Gained mutation: Your spells are much harder to cast, but
                  | much more powerful. [Jiyva's grace]
 11198 | Lair:1   | Gained mutation: You have a small jelly attached to you
                  | that may absorb projectiles. [Jiyva's grace]
 11198 | Lair:1   | Lost mutation: You are somewhat resistant to both further
                  | mutation and mutation removal. [Jiyva's grace]
 11198 | Lair:1   | Lost mutation: You are somewhat resistant to further
                  | mutation. [Jiyva's grace]
 11198 | Lair:1   | Gained mutation: You have hidden genetic potential.
                  | [Jiyva's grace]
 11296 | Lair:1   | Noticed Sonja
 11304 | Lair:1   | Killed Sonja
 11792 | Lair:2   | Found a staircase to the Snake Pit.
 11794 | Lair:2   | Noticed a seven-headed hydra
 12062 | Lair:2   | Found a dark tunnel.
 12071 | Volcano  | Entered a volcano
 12089 | Volcano  | Reached skill level 12 in Fighting
 12311 | Volcano  | Reached skill level 13 in Fighting
 12575 | Volcano  | Noticed a red draconian
 12591 | Volcano  | Reached XP level 13. HP: 81/113 MP: 0/0
 12591 | Volcano  | Learned a level 5 spell: Alistair's Intoxication
 12591 | Volcano  | Killed a red draconian
 12826 | Volcano  | Noticed an orb of fire
 12871 | Volcano  | Noticed an orb of fire
 13022 | Lair:2   | Killed a seven-headed hydra
 13023 | Lair:2   | Reached skill level 10 in Spellcasting
 13602 | Lair:3   | Gained mutation: Your flesh is almost immune to the effects
                  | of heat. (rF+++) [hidden potential]
 13806 | Lair:3   | Lost mutation: You are completely covered in iridescent
                  | scales. (AC +6) [Jiyva's grace]
 13806 | Lair:3   | Lost mutation: Your spells are much harder to cast, but
                  | much more powerful. [Jiyva's grace]
 13806 | Lair:3   | Lost mutation: Your spells are harder to cast, but more
                  | powerful. [Jiyva's grace]
 13806 | Lair:3   | Gained mutation: You have a somewhat thin skeletal
                  | structure. (Dex +2, Stealth+) [Jiyva's grace]
 13806 | Lair:3   | Gained mutation: You have a moderately thin skeletal
                  | structure. (Dex +4, Stealth++) [Jiyva's grace]
 13806 | Lair:3   | Gained mutation: You have an unnaturally thin skeletal
                  | structure. (Dex +6, Stealth+++) [Jiyva's grace]
 13806 | Lair:3   | Gained mutation: You expend health (3 HP) to strengthen
                  | your wands. [Jiyva's grace]
 13905 | Lair:3   | Noticed a six-headed hydra
 13917 | Lair:3   | Killed a six-headed hydra
 14132 | Lair:3   | Identified the +8 plate armour "Wohes" {Int+2}
 14279 | Lair:3   | Found a staircase to the Shoals.
 14988 | Lair:4   | You are sucked into a shaft and drop 1 floor!
 14988 | Lair:5   | Entered Level 5 of the Lair of Beasts
 15161 | Lair:4   | Found a staircase to the Slime Pits.
 15169 | Lair:4   | Found a viscous altar of Jiyva.
 15692 | Lair:5   | Reached XP level 14. HP: 70/122 MP: 0/0
 16015 | Lair:4   | Gained mutation: You are very robust. (+20% HP) [hidden
                  | potential]
 16015 | Lair:4   | Lost mutation: You have hidden genetic potential. [hidden
                  | potential expressed]
 17143 | Lair:5   | Was placed under penance by Jiyva
 17394 | Lair:5   | Was forgiven by Jiyva
 18211 | Lair:5   | Reached XP level 15. HP: 136/139 MP: 0/0
 18211 | Lair:5   | Learned a level 6 spell: Death Channel
 18299 | Lair:5   | Found a burning altar of Makhleb.
 18304 | Lair:5   | Found a gateway to Hell.
 18585 | D:11     | Killed Snorg
 18586 | D:11     | Reached skill level 14 in Fighting
 18837 | D:11     | Lost mutation: You have a beak for a mouth. [Jiyva's grace]
 18837 | D:11     | Lost mutation: Your spells are a little harder to cast, but
                  | a little more powerful. [Jiyva's grace]
 18837 | D:11     | Gained mutation: Armour fits poorly on your pseudopods.
                  | [Jiyva's grace]
 18837 | D:11     | Gained mutation: Armour fits poorly on your large
                  | pseudopods. [Jiyva's grace]
 18837 | D:11     | Gained mutation: Armour fits poorly on your massive
                  | pseudopods. [Jiyva's grace]
 18837 | D:11     | Gained mutation: You are extremely robust. (+30% HP)
                  | [Jiyva's grace]
 19594 | D:12     | Found a staircase to the Orcish Mines.
 19603 | Orc:1    | Entered Level 1 of the Orcish Mines
 19932 | Orc:2    | Entered Level 2 of the Orcish Mines
 19941 | Orc:2    | Noticed Maurice
 19969 | Orc:2    | Killed Maurice
 20719 | Orc:2    | Found a staircase to the Elven Halls.
 20773 | Orc:2    | Found Uheapnaf's Antique Weapon Boutique.
 20773 | Orc:2    | Found Canyhala's Jewellery Emporium.
 20773 | Orc:2    | Found Wirghynwo's Jewellery Shoppe.
 21121 | Orc:2    | Found Varic's Weapon Shop.
 21135 | Orc:2    | Bought an amulet of regeneration for 420 gold pieces
 21432 | Orc:2    | Bought a glowing scimitar for 189 gold pieces
 21491 | D:12     | Reached skill level 5 in Stealth
 21704 | D:13     | Noticed Frances
 21711 | D:13     | Killed Frances
 21875 | D:13     | Found a snail-covered altar of Cheibriados.
 22151 | D:13     | Lost mutation: You are mostly covered in iridescent scales.
                  | (AC +4) [Jiyva's grace]
 22151 | D:13     | Lost mutation: You have an unnaturally thin skeletal
                  | structure. (Dex +6, Stealth+++) [Jiyva's grace]
 22151 | D:13     | Lost mutation: You have a moderately thin skeletal
                  | structure. (Dex +4, Stealth++) [Jiyva's grace]
 22151 | D:13     | Lost mutation: Your flesh is almost immune to the effects
                  | of heat. (rF+++) [Jiyva's grace]
 22151 | D:13     | Lost mutation: You are extremely robust. (+30% HP) [Jiyva's
                  | grace]
 22151 | D:13     | Lost mutation: You are very robust. (+20% HP) [Jiyva's
                  | grace]
 22151 | D:13     | Lost mutation: Armour fits poorly on your massive
                  | pseudopods. [Jiyva's grace]
 22151 | D:13     | Lost mutation: You have a small jelly attached to you that
                  | may absorb projectiles. [Jiyva's grace]
 22151 | D:13     | Gained mutation: You are very robust. (+20% HP) [Jiyva's
                  | grace]
 22151 | D:13     | Gained mutation: You are extremely robust. (+30% HP)
                  | [Jiyva's grace]
 22151 | D:13     | Gained mutation: You are strong-willed. (Will+) [Jiyva's
                  | grace]
 22151 | D:13     | Gained mutation: You are highly strong-willed. (Will++)
                  | [Jiyva's grace]
 22209 | D:13     | Was placed under penance by Jiyva
 22454 | D:14     | Lost mutation: Armour fits poorly on your large pseudopods.
                  | [the all-consuming vengeance of Jiyva]
 22588 | D:14     | Was forgiven by Jiyva
 23057 | D:14     | Reached XP level 16. HP: 88/161 MP: 0/0
 23218 | D:15     | Entered Level 15 of the Dungeon
 23596 | D:15     | Reached skill level 15 in Fighting
 23596 | D:15     | Reached skill level 15 in Spellcasting
 23804 | D:15     | Found a staircase to the Depths.
 24343 | Snake:1  | Entered Level 1 of the Snake Pit
 24820 | Shoals:1 | Entered Level 1 of the Shoals
 24991 | Shoals:1 | Reached skill level 16 in Fighting
 25601 | Shoals:1 | Lost mutation: You are partially covered in iridescent
                  | scales. (AC +2) [Jiyva's grace]
 25601 | Shoals:1 | Lost mutation: You are extremely robust. (+30% HP) [Jiyva's
                  | grace]
 25601 | Shoals:1 | Lost mutation: You are very robust. (+20% HP) [Jiyva's
                  | grace]
 25601 | Shoals:1 | Lost mutation: Armour fits poorly on your pseudopods.
                  | [Jiyva's grace]
 25601 | Shoals:1 | Gained mutation: Your muscles are strong. (Str +4, Int/Dex
                  | -1) [Jiyva's grace]
 25601 | Shoals:1 | Gained mutation: Your muscles are very strong. (Str +8,
                  | Int/Dex -2) [Jiyva's grace]
 25601 | Shoals:1 | Gained mutation: Your spells are a little harder to cast,
                  | but a little more powerful. [Jiyva's grace]
 25601 | Shoals:1 | Gained mutation: Your spells are harder to cast, but more
                  | powerful. [Jiyva's grace]
 26082 | Shoals:2 | Noticed Ilsuiw
 26139 | Shoals:2 | Reached XP level 17. HP: 106/146 MP: 0/0
 26139 | Shoals:2 | Learned a level 7 spell: Enfeeble
 26254 | Shoals:2 | Noticed Polyphemus
 26988 | Shoals:2 | Killed Polyphemus
 27005 | Shoals:2 | Lost mutation: Your muscles are very strong. (Str +8,
                  | Int/Dex -2) [potion of mutation]
 27005 | Shoals:2 | Lost mutation: You are robust. (+10% HP) [potion of
                  | mutation]
 27005 | Shoals:2 | Lost mutation: You have a somewhat thin skeletal structure.
                  | (Dex +2, Stealth+) [potion of mutation]
 27005 | Shoals:2 | Gained mutation: You occasionally shout uncontrollably at
                  | your foes. [potion of mutation]
 27005 | Shoals:2 | Lost mutation: Your spells are harder to cast, but more
                  | powerful. [potion of mutation]
 27370 | Shoals:2 | Identified the +2 falchion of Mandamus {freeze, rF- rC+ rN+
                  | Int+2}
 27479 | Shoals:2 | Killed Ilsuiw
 28327 | Shoals:3 | Noticed Nikola
 28355 | Shoals:3 | Killed Nikola
 28446 | Shoals:3 | Lost mutation: You occasionally shout uncontrollably at
                  | your foes. [Jiyva's grace]
 28446 | Shoals:3 | Lost mutation: Your muscles are strong. (Str +4, Int/Dex
                  | -1) [Jiyva's grace]
 28446 | Shoals:3 | Gained mutation: You passively dampen the noise of your
                  | surroundings. [Jiyva's grace]
 28446 | Shoals:3 | Gained mutation: Your rubbery body absorbs attacks. (AC +1,
                  | EV +1) [Jiyva's grace]
 28446 | Shoals:3 | Gained mutation: Your pliable body absorbs attacks. (AC +2,
                  | EV +2) [Jiyva's grace]
 28446 | Shoals:3 | Gained mutation: Your gelatinous body deflects attacks. (AC
                  | +3, EV +3) [Jiyva's grace]
 29115 | Elf:1    | Entered Level 1 of the Elven Halls
 29122 | Elf:1    | Reached skill level 17 in Fighting
 29163 | Elf:1    | Paralysed by an air elemental for 1 turns
 29166 | Elf:1    | Paralysed by an air elemental for 1 turns
 30687 | D:8      | Was placed under penance by Jiyva
 30695 | D:8      | Reached XP level 18. HP: 131/143 MP: 0/0
 30713 | D:8      | Killed bigduke15's ghost
 31707 | Snake:1  | Was forgiven by Jiyva
 31870 | Snake:1  | Found Soottisme's Vocational Training.
 32342 | Snake:2  | Found Jagoot's Assorted Antiques.
 32420 | Snake:2  | Found Deolung's Weapon Shop.
 32422 | Snake:2  | Found Riecocer's Distillery.
 32435 | Snake:2  | Bought a scroll of blinking for 180 gold pieces
 32435 | Snake:2  | Bought a potion of heal wounds for 120 gold pieces
 32445 | Snake:2  | Bought a potion of resistance for 190 gold pieces
 32445 | Snake:2  | Bought a potion of curing for 57 gold pieces
 32445 | Snake:2  | Bought a potion of curing for 57 gold pieces
 32597 | Snake:2  | Found Tutair's Armour Shop.
 32661 | Snake:2  | Noticed Kirke
 32688 | Snake:2  | Killed Kirke
 32915 | Snake:2  | Lost mutation: Your gelatinous body deflects attacks. (AC
                  | +3, EV +3) [Jiyva's grace]
 32915 | Snake:2  | Gained mutation: Your muscles are strong. (Str +4, Int/Dex
                  | -1) [Jiyva's grace]
 32915 | Snake:2  | Gained mutation: Your muscles are very strong. (Str +8,
                  | Int/Dex -2) [Jiyva's grace]
 32915 | Snake:2  | Gained mutation: You have a small jelly attached to you
                  | that senses nearby items. [Jiyva's grace]
 32915 | Snake:2  | Gained mutation: You have hidden genetic potential.
                  | [Jiyva's grace]
 33049 | Snake:3  | Reached skill level 1 in Evocations
 33386 | Snake:3  | Identified the +1 scale mail of Abstinence {rN++}
 33706 | Snake:3  | Reached skill level 5 in Evocations
 33847 | Snake:4  | Entered Level 4 of the Snake Pit
 33847 | Snake:4  | Noticed Bai Suzhen
 33868 | Snake:4  | Killed Bai Suzhen
 34022 | Snake:4  | Noticed Aizul
 34038 | Snake:3  | Killed Aizul
 34863 | Snake:2  | Bought a murky blue potion for 21 gold pieces
 34863 | Snake:2  | Bought a clear potion for 21 gold pieces
 35063 | Snake:4  | Found a hazy altar of Hepliaklqana.
 35170 | Snake:4  | Reached skill level 1 in Shields
 35181 | Snake:4  | Reached XP level 19. HP: 126/150 MP: 0/0
 35181 | Snake:4  | Learned a level 7 spell: Monstrous Menagerie
 35858 | Snake:4  | Reached skill level 5 in Shields
 35960 | Snake:4  | Identified the +4 leather armour "Wofrul Fade" {rC+}
 36105 | Snake:4  | Got a serpentine rune of Zot
 36243 | Snake:4  | Gained mutation: A frigid envelope surrounds you and
                  | freezes all who hurt you. [hidden potential]
 37115 | D:13     | Found a gate to the Vaults.
 37149 | Vaults:1 | Entered Level 1 of the Vaults
 37191 | Vaults:1 | Lost mutation: You are highly strong-willed. (Will++)
                  | [Jiyva's grace]
 37191 | Vaults:1 | Lost mutation: A frigid envelope surrounds you and freezes
                  | all who hurt you. [Jiyva's grace]
 37191 | Vaults:1 | Lost mutation: Your muscles are very strong. (Str +8,
                  | Int/Dex -2) [Jiyva's grace]
 37191 | Vaults:1 | Lost mutation: You expend health (3 HP) to strengthen your
                  | wands. [Jiyva's grace]
 37191 | Vaults:1 | Gained mutation: You are agile. (Dex +4, Str/Int -1)
                  | [Jiyva's grace]
 37191 | Vaults:1 | Gained mutation: You are very agile. (Dex +8, Str/Int -2)
                  | [Jiyva's grace]
 37191 | Vaults:1 | Gained mutation: You are partially covered in iridescent
                  | scales. (AC +2) [Jiyva's grace]
 37191 | Vaults:1 | Gained mutation: You are mostly covered in iridescent
                  | scales. (AC +4) [Jiyva's grace]
 37622 | Vaults:1 | Reached skill level 10 in Shields
 38536 | Vaults:1 | Reached XP level 20. HP: 89/157 MP: 0/0
 38665 | Vaults:1 | Identified the amulet "Ubri" {Faith SInv}
 39287 | Vaults:2 | Reached ****** piety under Jiyva
 39646 | Vaults:2 | Gained mutation: You have a somewhat thin skeletal
                  | structure. (Dex +2, Stealth+) [hidden potential]
 39646 | Vaults:2 | Lost mutation: You have hidden genetic potential. [hidden
                  | potential expressed]
 39965 | Vaults:2 | Lost mutation: Your pliable body absorbs attacks. (AC +2,
                  | EV +2) [Jiyva's grace]
 39965 | Vaults:2 | Lost mutation: You passively dampen the noise of your
                  | surroundings. [Jiyva's grace]
 39965 | Vaults:2 | Gained mutation: Your body has grown eyes which may confuse
                  | attackers. (Acc +3) [Jiyva's grace]
 39965 | Vaults:2 | Gained mutation: Your body has grown many eyes which may
                  | confuse attackers. (Acc +5) [Jiyva's grace]
 39965 | Vaults:2 | Gained mutation: Your body is covered in eyes which may
                  | confuse attackers. (Acc +7, SInv) [Jiyva's grace]
 39965 | Vaults:2 | Gained mutation: You have a small jelly attached to you
                  | that may absorb projectiles. [Jiyva's grace]
 40173 | Vaults:2 | Found Zeatul's General Store.
 40182 | Vaults:2 | Bought a scroll of silence for 104 gold pieces
 40182 | Vaults:2 | Bought a scroll of fog for 44 gold pieces
 40182 | Vaults:2 | Bought a scroll of identify for 22 gold pieces
 40319 | Vaults:2 | Found a staircase to the Crypt.
 40823 | Vaults:3 | You are sucked into a shaft and drop 1 floor!
 41037 | Vaults:3 | Reached skill level 1 in Long Blades
 41114 | Vaults:3 | Identified the +4 quarterstaff of Goesmo {protect, Str+6}
 41317 | Vaults:3 | Noticed Mara
 41324 | Vaults:3 | Noticed dolemite99's illusion
 41569 | Vaults:4 | Reached skill level 5 in Long Blades
 41829 | Vaults:4 | Reached XP level 21. HP: 101/162 MP: 0/0
 41829 | Vaults:4 | Learned a level 8 spell: Disjunction
 42385 | Vaults:4 | Lost mutation: You are mostly covered in iridescent scales.
                  | (AC +4) [Jiyva's grace]
 42385 | Vaults:4 | Lost mutation: You have a somewhat thin skeletal structure.
                  | (Dex +2, Stealth+) [Jiyva's grace]
 42385 | Vaults:4 | Lost mutation: You are very agile. (Dex +8, Str/Int -2)
                  | [Jiyva's grace]
 42385 | Vaults:4 | Lost mutation: Your body is covered in eyes which may
                  | confuse attackers. (Acc +7, SInv) [Jiyva's grace]
 42385 | Vaults:4 | Gained mutation: Your body is covered in eyes which may
                  | confuse attackers. (Acc +7, SInv) [Jiyva's grace]
 42385 | Vaults:4 | Gained mutation: You passively dampen the noise of your
                  | surroundings. [Jiyva's grace]
 42385 | Vaults:4 | Gained mutation: Armour fits poorly on your pseudopods.
                  | [Jiyva's grace]
 42385 | Vaults:4 | Gained mutation: Armour fits poorly on your large
                  | pseudopods. [Jiyva's grace]
 42834 | Vaults:4 | Found Ufue's General Store.
 42844 | Vaults:4 | Bought a potion of haste for 150 gold pieces
 42844 | Vaults:4 | Bought a scroll of fear for 60 gold pieces
 43547 | Elf:2    | Paralysed by an air elemental for 1 turns
 43552 | Elf:2    | Paralysed by an air elemental for 1 turns
 43755 | Elf:2    | Found Enugonocw's Antique Armour Boutique.
 43801 | Elf:2    | Reached skill level 10 in Long Blades
 44022 | Elf:2    | Found a runed translucent gate.
 44022 | Elf:2    | Found a runed translucent gate.
 44028 | Elf:2    | Found a runed translucent gate.
 44142 | Elf:3    | Entered Level 3 of the Elven Halls
 45093 | Elf:3    | Paralysed by an air elemental for 1 turns
 45102 | Elf:3    | Paralysed by an air elemental for 1 turns
 45106 | Elf:3    | Paralysed by an air elemental for 1 turns
 45109 | Elf:3    | Paralysed by an air elemental for 1 turns
 45881 | Elf:3    | Identified the +2 battleaxe of a treasure trove {freeze,
                  | *Rage rElec rN+ Int+2}
 45889 | Elf:3    | Reached XP level 22. HP: 153/168 MP: 0/0
 45983 | Elf:3    | Identified the +1 hand axe "Bauthred" {antimagic, Will-
                  | Str+3 Dex+3}
 45983 | Elf:3    | Identified the amulet "Filyfok" {RegenMP rF- rC++ Dex+3}
 46043 | Elf:3    | Was placed under penance by Jiyva
 46868 | Elf:3    | Gained mutation: You occasionally shout uncontrollably at
                  | your foes. [the all-consuming vengeance of Jiyva]
 46868 | Elf:3    | Gained mutation: Potions are less effective at restoring
                  | your health. [the all-consuming vengeance of Jiyva]
 47075 | Elf:3    | Was forgiven by Jiyva
 47217 | Elf:3    | Identified the +10 tower shield of the Burning Gods {rC+}
 47655 | Shoals:4 | Entered Level 4 of the Shoals
 47884 | Shoals:4 | Identified the +0 leather armour "Vuqan" {rN+}
 47989 | Shoals:4 | Got a barnacled rune of Zot
 48053 | Shoals:4 | Noticed Donald
 48055 | Shoals:4 | Killed Donald
 48056 | Shoals:4 | Reached skill level 10 in Evocations
 48066 | Shoals:4 | Reached skill level 1 in Throwing
 48250 | Shoals:4 | Identified the +6 short sword of Ytzaett {venom, Fly rC+
                  | Dex+2}
 48269 | Shoals:4 | Lost mutation: You are strong-willed. (Will+) [Jiyva's
                  | grace]
 48269 | Shoals:4 | Lost mutation: You have a small jelly attached to you that
                  | senses nearby items. [Jiyva's grace]
 48269 | Shoals:4 | Gained mutation: You have a pair of small horns on your
                  | head. [Jiyva's grace]
 48269 | Shoals:4 | Gained mutation: You have a pair of horns on your head.
                  | [Jiyva's grace]
 48269 | Shoals:4 | Gained mutation: You have a pair of large horns on your
                  | head. [Jiyva's grace]
 48269 | Shoals:4 | Gained mutation: Your muscles are very strong. (Str +8,
                  | Int/Dex -2) [Jiyva's grace]
 48877 | Depths:1 | Entered Level 1 of the Depths
 48899 | Depths:1 | Noticed a golden dragon
 48918 | Depths:1 | Killed a golden dragon
 49097 | Depths:1 | Reached skill level 5 in Throwing
 49283 | Depths:1 | Found a portal to a secret trove of treasure.
 49519 | Depths:1 | Reached XP level 23. HP: 175/175 MP: 0/0
 49519 | Depths:1 | Learned a level 8 spell: Maxwell's Capacitive Coupling
 49595 | Depths:1 | Found a hide-covered altar of Uskayaw.
 49845 | Depths:1 | Found a one-way gateway to a ziggurat.
 49990 | Depths:1 | Found a one-way gate leading to the halls of Pandemonium.
 50102 | Depths:1 | Reached skill level 18 in Fighting
 50459 | Depths:2 | HP: 5/176 [spectral ettin[the player character] (20)]
 50898 | Depths:2 | Reached skill level 19 in Fighting
 51016 | Depths:2 | Found a one-way gate to the infinite horrors of the Abyss.
 51240 | Depths:2 | Noticed Vv
 51387 | Depths:2 | HP: 2/173 [Vv (12)]
 51387 | Depths:2 | Mangled by Vv

Illustrated notes

Levels and vault maps discovered:
D:1:      dpeg_arrival_connections, layout_loops_ring,
          dreamdust_ecumenical_altar_statues, minmay_door_square
D:2:      layout_rooms, hangedman_decor_riveting, minmay_fractal_squares_5,
          uniq_jessica, uniq_natasha
D:3:      layout_rooms, mainiacjoe_overflow_catwalk_spiral, minivault_26
D:4:      layout_layer_cave, nicolae_overflow_hidden_temple,
          minmay_temple_entry_glassed_door, serial_shops, shop,
          serial_bayou_lagoon_a
D:5:      layout_gridville, serial_shops, nicolae_shop_stone, grunt_ministairs_9
D:6:      layout_loops_cross, serial_bayou_ford_a, uniq_crazy_yiuf_cottage
D:7:      layout_rooms, serial_corexii_hall, corexii_hall_statues_u,
          corexii_hall_statues_s, corexii_hall_statues_x,
          corexii_hall_statues_i, chequers_hall_statues_wall_a,
          chequers_hall_statues_wall_a, kennysheep_generic_room_7, uniq_duvessa
D:8:      layout_gridville, grunt_temple_overflow_bloody_war,
          nemelex_spade_bored_becter, lair_entry_dummy,
          gammafunk_ghost_nasty_kobolds, mrwooster_statue_mirror, uniq_grum
D:9:      layout_loops_corners, serial_aquarium, aquarium_bridge_straight
          [aquarium_subvault_bridge, aquarium_subvault_wall,
          aquarium_subvault_bridge, aquarium_subvault_wall],
          aquarium_window_fake, aquarium_window_1, aquarium_window_corridor_1,
          aquarium_view_2c, aquarium_view_2f, doesnt_shop_hydraphobe
D:10:     layout_loops_corners, mainiacjoe_overflow_alcove_3,
          kennysheep_pointless_box, minmay_misc_feat_columns
D:11:     layout_basic, minivault_24, uniq_snorg
D:12:     layout_irregular_city, zombieorc2_lemuel
D:13:     layout_basic, hangedman_vaults_entry_quadrant_bands, slow_altar_2,
          uniq_frances
D:14:     layout_basic, serial_demonic, serial_demonic_b, serial_demonic_c,
          serial_demonic_c, serial_demonic_a
D:15:     grunt_enter_depths_snipers, layout_loops_ring, minivault_14,
          minmay_circle_x
Lair:1:   gammafunk_worm_tunnel, layout_layer_cave, infiniplex_staircase_pool_2,
          serial_bayou_shore_a, grunt_megastairs_1, uniq_sonja, uniq_harold
Lair:2:   layout_gridlike, minmay_snake_entry_guardpost_small,
          nicolae_volcano_entry_hallway, gauntlet_entry_generic,
          grunt_forest_small_clearing_treed
Lair:3:   layout_small_grid, elwin_shoals_entry_rooms, grunt_megastairs_4
Lair:4:   layout_roguey, nicolae_slime_entry_field_trip, grunt_megastairs_3,
          infiniplex_staircase_pool
Lair:5:   evil_forest, layout_gridlike, nicolae_lair_yak_garden
Shoals:1: layout_shoals, nicolae_shoals_nymph_descending_staircase
Shoals:2: layout_shoals, nicolae_shoals_spring_well_temple, uniq_polyphemus,
          uniq_ilsuiw
Shoals:3: layout_shoals, uniq_nikola
Shoals:4: shoals_end_hellmonk_lost_city, uniq_donald
Snake:1:  layout_cave_shapes, statue_in_the_mist_lemuel, nicolae_shop_vocational
Snake:2:  layout_misc_corridors, nicolae_stop_n_shop_1, grunt_ministairs_14,
          grunt_megastairs_2, minmay_shop_star, uniq_kirke
Snake:3:  layout_grid_shapes, serial_bayou_shore_b
Snake:4:  grunt_snake_rune_spirals, layout_onion, basic_altar, uniq_aizul,
          uniq_bai_suzhen
Orc:1:    layout_diamond_mine, serial_shops
Orc:2:    st_orc_rangers, layout_caves, mines2_lemuel, uniq_maurice
Elf:1:    layout_geoelf_grid, basic_altar, hangedman_elf_represent
Elf:2:    nicolae_elf_blades_splatter_lattice [mumra_blade_entry_dagger],
          layout_loops_cross, serial_shops, shop
Elf:3:    minmay_elf_hall_spiked, layout_geoelf_octagon, basic_altar, hex_tiny,
          minmay_elf_annihilation
Vaults:1: nicolae_vaults_network_star, ontoclasm_vaults_hangar, v_misc_18,
          vaults_room_grunt_arrival_checkpoint, vaults_mumra_chevron_long,
          dpeg_vaults_monster_row, nicolae_vaults_border_crossing,
          nicolae_vaults_rhombus_7, vaults_room_pools,
          nicolae_vaults_windows_and_doors_thing, v_misc_25,
          nicolae_vaults_diagonal_hallway_8, layout_vaults_omnibox
Vaults:2: v_misc_12, minmay_crypt_entry_simple_round, hangedman_vaults_slither,
          v_misc_16, v_alt_pattern_2, vaults_mumra_hexcomb, v_rooms_3,
          vaults_dpeg_diagonal, layout_vaults_quadrants, serial_shops,
          nicolae_diamond_shop
Vaults:3: nicolae_vaults_know_your_exits, nicolae_vaults_what_the_h,
          nicolae_vaults_circle_grid_a, hangedman_vaults_unwind, v_misc_12,
          nicolae_vaults_network_periphery, hangedman_vaults_impose,
          vaults_mumra_chevron, nicolae_vaults_little_squares_4,
          nicolae_vaults_alarming, layout_vaults_big_room, uniq_mara
Vaults:4: hangedman_vaults_variations, nicolae_vaults_three_branches, v_misc_10,
          ontoclasm_vaults_loading_screen, nicolae_vaults_triangles,
          hangedman_vaults_stretched_pinwheel, v_rooms_2, vaults_dpeg_cross,
          vaults_mumra_minichess_inversion, nicolae_vaults_bisected_slash,
          nicolae_vaults_rhombus_6, layout_vaults_omnicross, serial_shops, shop
Depths:1: layout_honeycomb, enter_ziggurat_b, hellmouth_2,
          rand_demon_pan_entry_9, grunt_decor_fettered, enter_trove_6,
          minmay_misc_feat_more_columns,
          nicolae_uskayaw_murder_on_the_dancefloor
Depths:2: minmay_angry_zag, layout_long_grid, pan_entry, abyss_entry_glasseish,
          hell_entry, uniq_vv

Skill      XL: |  1  2  3  4  5  6  7  8  9 10 11 12 13 14 15 16 17 18 19 20 21 22 23 |
---------------+----------------------------------------------------------------------+-----
Fighting       | 1 2 3 4 5 7 9 11 13 14 16 17 19 | 19.6
Spellcasting   | 4 5 6 7 9 12 14 15 16 | 16.7
Dodging        | 8 11 12 14 | 14.8
Stealth        | 8 |  8.2
Evocations     | 8 10 | 10.0
Shields        | 2 11 14 | 14.6
Long Blades    | 6 12 14 | 14.0
Throwing       | 9 |  9.8

Action                     |  1- 3 |  4- 6 |  7- 9 | 10-12 | 13-15 | 16-18 | 19-21 | 22-24 || total
---------------------------+-------+-------+-------+-------+-------+-------+-------+-------++-------
  Melee: Trident           |       |     5 |       |       |       |       |       |       ||     5
         Whip              |       |       |       |     5 |       |       |       |       ||     5
         Peck              |       |       |       |     2 |       |       |       |       ||     2
         Scimitar          |       |       |       |       |     1 |     9 |   215 |    31 ||   256
         Pseudopods        |       |       |       |       |       |       |    26 |    12 ||    38
         Staff             |       |       |       |       |       |       |       |     5 ||     5
         Headbutt          |       |       |       |       |       |       |       |     5 ||     5
         Double sword      |       |       |       |       |       |       |       |     5 ||     5
   Fire: Shortbow          |       |       |       |     1 |   184 |       |       |       ||   185
         Arbalest          |       |       |       |       |    23 |   135 |    20 |       ||   178
  Throw: Dart              |       |       |       |     3 |       |       |       |       ||     3
         Javelin           |       |       |       |    10 |       |       |       |    17 ||    27
   Cast: Magic Dart        |    28 |    84 |    59 |    94 |    19 |       |       |       ||   284
         Searing Ray       |       |    12 |    36 |    60 |    57 |       |       |       ||   165
         Fulminant Prism   |       |       |     6 |    17 |    71 |   121 |    14 |    19 ||   248
         Dazzling Flash    |       |       |     2 |     2 |     1 |       |       |       ||     5
         Lightning Bolt    |       |       |       |    57 |   233 |   296 |   195 |   143 ||   924
         Iskenderun's Myst |       |       |       |     3 |    14 |    65 |     8 |    13 ||   103
         Vampiric Draining |       |       |       |       |    11 |   116 |    66 |    33 ||   226
         Inner Flame       |       |       |       |       |     4 |     1 |       |       ||     5
         Alistair's Intoxi |       |       |       |       |     2 |       |       |       ||     2
         Death Channel     |       |       |       |       |     2 |    28 |    40 |    20 ||    90
         Monstrous Menager |       |       |       |       |       |       |   178 |    90 ||   268
         Wereblood         |       |       |       |       |       |       |       |     1 ||     1
 Invoke: Oozemancy         |       |       |     7 |    12 |    13 |     8 |     2 |     1 ||    43
         Slimify           |       |       |       |       |       |     1 |       |       ||     1
  Evoke: Wand              |       |       |       |     7 |     8 |    13 |       |    17 ||    45
         Box of beasts     |       |       |       |       |       |     2 |     1 |     3 ||     6
    Use: Scroll            |       |     4 |     9 |     8 |     6 |    20 |     4 |    11 ||    62
         Potion            |       |       |       |     2 |       |    11 |     3 |     8 ||    24
   Stab: Sleeping          |       |     1 |       |       |       |       |     1 |       ||     2
         Distracted        |       |       |       |       |       |     1 |    12 |     2 ||    15
         Confused          |       |       |       |       |       |       |     8 |       ||     8
         Paralysed         |       |       |       |       |       |       |     3 |       ||     3
 Armour: Robe              |       |     1 |       |    39 |   104 |   185 |    12 |       ||   341
         Acid dragon scale |       |       |    21 |     2 |       |       |       |       ||    23
         Leather armour    |       |       |       |       |       |       |   140 |    45 ||   185
  Dodge: Dodged            |     2 |    35 |    27 |    94 |   476 |   685 |   457 |   130 ||  1906
  Block: Kite shield       |       |       |       |       |       |       |   392 |   148 ||   540
         Reflection        |       |       |       |       |       |       |    46 |    40 ||    86

Table legend: (Time is in decaauts)
 A = Elapsed time spent in this place.
 B = Non-inter-level travel time spent in this place.
 C = Inter-level travel time spent in this place.
 D = Time resting spent in this place.
 E = Time spent auto-exploring this place.
 F = Levels seen in this place.
 G = Mean time per level.
                   A        B        C        D        E       F      G
               +--------+--------+--------+--------+--------+-----+--------+
         Total |  51743 |  47874 |   3869 |  13761 |  21557 |  40 | 1293.6 |
       Dungeon |  15313 |  13772 |   1541 |   3081 |   8050 |  15 | 1020.9 |
          Lair |   9112 |   8331 |    781 |   3118 |   3386 |   5 | 1822.4 |
        Shoals |   5241 |   4962 |    279 |   1781 |   1823 |   4 | 1310.2 |
     Snake Pit |   4923 |   4611 |    312 |   1097 |   2072 |   4 | 1230.8 |
  Orcish Mines |   2136 |   1856 |    280 |    728 |    705 |   2 | 1068.0 |
   Elven Halls |   5500 |   5127 |    373 |   1824 |   1608 |   3 | 1833.3 |
        Vaults |   6170 |   5911 |    259 |   1300 |   2715 |   4 | 1542.5 |
        Depths |   2471 |   2429 |     42 |    307 |   1058 |   2 | 1235.5 |
       Volcano |    874 |    874 |      0 |    523 |    140 |   1 |  874.0 |
               +--------+--------+--------+--------+--------+-----+--------+

Top non-repeatable levels by time:
   Elf:3: 2562 daAuts
  Lair:5: 2394 daAuts
Shoals:2: 2235 daAuts
  Lair:2: 2195 daAuts
Vaults:1: 1844 daAuts
  Lair:1: 1844 daAuts
 Snake:4: 1739 daAuts
Vaults:2: 1696 daAuts
Vaults:4: 1648 daAuts
     D:8: 1594 daAuts
  Lair:4: 1557 daAuts
   Elf:1: 1533 daAuts
 Snake:3: 1506 daAuts
Depths:1: 1463 daAuts
    D:10: 1441 daAuts
